 Dungeon Crawl Stone Soup version 0.23-a0-490-ge7ea69a (webtiles) character file.

3238 Firecrotchwizard the Grappler (level 9, -14/80 HPs)
             Began as a Troll Fighter on Dec 2, 2018.
             Was a Believer of Uskayaw.
             Demolished by a two-headed ogre
             ... wielding a +0 giant club
              (28 damage)
             ... on level 7 of the Dungeon.
             The game lasted 00:15:55 (6770 turns).

Firecrotchwizard the Grappler (Troll Fighter)       Turns: 6770, Time: 00:15:56

Health: -14/80     AC:  5    Str: 26    XL:     9   Next: 66%
Magic:  7/9        EV:  9    Int:  7    God:    Uskayaw [**....]
Gold:   363        SH: 10    Dex:  9    Spells: 8/8 levels left

rFire    . . .     SeeInvis .     - Unarmed
rCold    . . .     Gourm    +   b - +0 shield
rNeg     . . .     Faith    .   a - +0 robe
rPois    .         Spirit   .   (helmet restricted)
rElec    .         Reflect  .   (no cloak)
rCorr    .         Harm     .   (gloves unavailable)
MR       .....                  (boots unavailable)
Stlth    +.........             (no amulet)
HPRegen  0.63/turn              (no ring)
MPRegen  0.11/turn              (no ring)

@: no status effects
A: large, unfitting armour, claws 3, fast metabolism 3, gourmand, regeneration
1, shaggy fur 1, tough skin 2
a: Stomp, Line Pass, Renounce Religion


You were on level 7 of the Dungeon.
You worshipped Uskayaw.
Uskayaw was noncommittal.
You were very full.

You visited 1 branch of the dungeon, and saw 8 of its levels.
You also visited: Sewer and Ossuary.

You collected 363 gold pieces.

Inventory:

Missiles
 h - 3 curare-tipped needles
Armour
 a - a +0 robe (worn)
 b - a +0 shield (worn)
Wands
 k - a wand of clouds (11)
   (You found it on level 5 of the Dungeon)
Scrolls
 e - 3 scrolls of teleportation {unknown}
 g - 2 scrolls of enchant weapon {unknown}
 l - a scroll of amnesia {unknown}
 n - a scroll of silence {unknown}
 p - 3 scrolls of identify
 r - 5 scrolls of noise {unknown}
 t - 5 scrolls of remove curse {unknown}
 u - 2 scrolls of immolation {unknown}
 A - 3 scrolls of fear {unknown}
 B - a scroll of blinking {unknown}
 E - a scroll of enchant armour {unknown}
Potions
 c - 2 potions of might
 i - 2 potions of agility
 j - 2 potions of lignification {!q}
 m - 4 potions of curing
 o - 4 potions of flight
 q - 3 potions of brilliance
 s - a potion of berserk rage {unknown}
 v - a potion of heal wounds {unknown}
 w - a potion of ambrosia {unknown}
 x - 3 potions of invisibility
 C - a potion of magic {unknown}
 D - a potion of haste {unknown}
 F - 2 potions of mutation {!q}
Comestibles
 d - 10 rations


   Skills:
 - Level 2.4 Fighting
 - Level 2.4 Dodging
 + Level 7.0 Shields
 - Level 11.0 Unarmed Combat
 * Level 1.5 Invocations


You had 8 spell levels left.
You didn't know any spells.
Your spell library contained the following spells:

 Spells                   Type           Power        Failure   Level  Hunger
 Confusing Touch          Hex            #.....       56%         1    ##.....
 Summon Small Mammal      Summ           #...         56%         1    ##.....
 Call Imp                 Summ           #.......     71%         2    ###....
 Call Canine Familiar     Summ           #.......     91%         3    ####...
 Confuse                  Hex            #.......     91%         3    ####...
 Gell's Gravitas          Tloc           #.........   91%         3    ####...
 Summon Guardian Golem    Hex/Summ       #.......     91%         3    ####...
 Petrify                  Tmut/Erth      #.......     100%        4    #####..
 Summon Ice Beast         Ice/Summ       #.......     100%        4    #####..
 Summon Lightning Spire   Summ/Air       #.......     100%        4    #####..
 Metabolic Englaciation   Hex/Ice        #.........   100%        5    ######.
 Yara's Violent Unravell  Hex/Tmut       #.........   100%        5    ######.


Dungeon Overview and Level Annotations

Branches:
Dungeon (8/15)             Temple (0/1) D:5
   Lair: D:8-11

Altars:
Ashenzari
Cheibriados
Fedhas
Hepliaklqana
Kikubaaqudgha
Okawaru
Uskayaw
Vehumet
Wu Jian
Yredelemnul
Zin
The Shining One


Innate Abilities, Weirdness & Mutations

You are too large for most types of armour.
You have claws for hands.
Your metabolism is lightning-fast.
You like to eat raw meat.
Your natural rate of healing is unusually fast.
You are covered in fur. (AC +1)
You have very tough skin. (AC +2)


Message History

No target in view!
You see here a cursed -3 broad axe.
Some of the chunks of flesh in your inventory have rotted away.
Found a stone staircase leading down.
Eating one of 3 chunks of flesh {@w0}.
You eat one of the 3 chunks of flesh {@w0}.
This raw flesh tastes great.
All of the chunks of flesh in your inventory have rotted away.
An ogre comes into view. It is wielding a +0 giant club.
The ogre barely misses you.
You claw the ogre! You claw the ogre! The ogre barely misses you.
You can now pass through a line of other dancers.
You mangle the ogre!!
You kill the ogre!
Your Shields skill increases to level 7!
Your Invocations skill increases to level 1!
No target in view!
You can no longer pass through a line of other dancers.
Done exploring.
Done exploring.
Done exploring.
(D) Dungeon (T) Temple
Where to? (Enter - D:7, ? - help)
You see here a +0 giant club.
There is a stone staircase leading down here.
You climb downwards.
There is a stone staircase leading up here.
There is a stone staircase leading up here.
An ice beast comes into view.
A two-headed ogre comes into view. It is wielding two +0 giant clubs.
A centaur comes into view.
The centaur shouts!
The centaur wields a +0 shortbow.
The centaur shoots an arrow.
You block the arrow.
You see here an arrow.
The centaur shoots an arrow.
The arrow misses you.
You barely miss the ice beast.
The centaur shoots an arrow.
The arrow misses you. You block the ice beast's attack.
You scratch the ice beast but do no damage.
The centaur shoots an arrow.
The arrow hits you! The ice beast barely misses you.
You take 10 damage, and have 70/80 hp.
You claw the ice beast!
The centaur shoots an arrow.
The arrow barely misses you. The ice beast hits you. The ice beast freezes you!
You take 12 damage, and have 58/80 hp.
You barely miss the ice beast.
The centaur shoots an arrow.
You block the arrow. The ice beast barely misses you.
You closely miss the ice beast.
The centaur shoots an arrow.
You block the arrow.
You mangle the ice beast!!
You kill the ice beast!
The centaur shoots an arrow.
The arrow hits you!
You can now pass through a line of other dancers.
You take 11 damage, and have 48/80 hp.
The two-headed ogre appears confused.
You can no longer pass through a line of other dancers.
The two-headed ogre hits you with a +0 giant club.
The two-headed ogre barely misses you.
You take 5 damage, and have 43/80 hp.
You now have 4/9 mp.
You catch the helpless two-headed ogre completely off-guard!
You scratch the two-headed ogre.
The two-headed ogre seems less confused.
The two-headed ogre hits you with a +0 giant club.
You block the two-headed ogre's attack.
You scratch the two-headed ogre.
The centaur shoots an arrow.
The arrow hits you!
There is a stone staircase leading up here.
You see here an arrow.
You take 6 damage, and have 40/80 hp.
The centaur shoots an arrow.
You block the arrow. You block the two-headed ogre's attack.
The two-headed ogre hits you with a +0 giant club!
* * * LOW HITPOINT WARNING * * *
You climb upwards.
There is a stone staircase leading down here.
You take 16 damage, and have 24/80 hp.
Unknown command.
Okay, then.
There is an escape hatch in the floor here.
The two-headed ogre barely misses you. You block the two-headed ogre's attack.
Aim: a two-headed ogre, wielding two +0 giant clubs You create a blast of noxious fumes!
The two-headed ogre is engulfed in noxious fumes. x2
You block the two-headed ogre's attack. x2
You claw the two-headed ogre! You mangle the two-headed ogre!!
The two-headed ogre is engulfed in noxious fumes.
The two-headed ogre hits you with a +0 giant club!!
* * * LOW HITPOINT WARNING * * *
You block the two-headed ogre's attack.
You can now pass through a line of other dancers.
You take 25 damage, and have 13/80 hp.
MASSIVE DAMAGE!!
You scratch the two-headed ogre. You barely miss the two-headed ogre.
The two-headed ogre is engulfed in noxious fumes.
The two-headed ogre appears confused.
The two-headed ogre hits you with a +0 giant club!!
You die...

#....# #..#....###.# #....#
#..#.##.###.# #....#
#..#.#...##.##
####....############......_......
.....................#.##...#.#..
........#########....#.###.##.#..
.....##...# #....#.###....#..
..........#######....#.....####..
.>.##'##....§§§O@....#####.......
...#...#..#########..............
...'...+..# ##.......##.#.###...
...#...#..####..##..####.#.# #...
...#####...................# #...
............#.###..#####...###...
........###...# #.## #.........
.....##.# ##### #.# #..).#....
.....##.# #.# #..#.#....


You could see a two-headed ogre (confused).

Vanquished Creatures
  Sigmund (D:5)
  Edmund (D:5)
  2 water moccasins (D:7)
  Duvessa (D:5)
  An orc warrior (D:5)
  An ice beast (D:8)
  2 phantoms
  A centaur (D:6)
  4 ogres
  A gnoll sergeant (D:5)
  4 scorpions
  Dowan (D:5)
  3 wights (D:6)
  2 howler monkeys
  2 crimson imps
  A bullfrog zombie (D:7)
  3 human zombies (Ossuary)
  4 hounds
  3 jellies
  4 orc priests
  4 orc wizards
  A bullfrog skeleton (D:6)
  4 iguanas
  8 worker ants
  A big kobold zombie (Ossuary)
  3 hound skeletons
  4 mummies (Ossuary)
  A worker ant zombie (D:7)
  7 gnolls
  16 adders
  An adder skeleton (D:5)
  6 worms
  A dart slug (D:5)
  3 leopard geckos
  31 orcs
  A bat zombie (D:4)
  2 giant cockroaches
  A gnoll zombie (Ossuary)
  10 goblins
  8 hobgoblins
  6 jackals
  5 ball pythons
  6 bats
  12 frilled lizards
  A goblin zombie (Ossuary)
  A hobgoblin zombie (Ossuary)
  12 kobolds
  A kobold zombie (Ossuary)
  7 rats
  3 plants (Sewer)
209 creatures vanquished.

Vanquished Creatures (others)
  An orc (D:3)
  A hobgoblin (D:3)
2 creatures vanquished.

Grand Total: 211 creatures vanquished

Notes
Turn   | Place    | Note
-------+----------+-------------------------------------------
     0 | D:1      | Firecrotchwizard the Troll Fighter began the quest for the
                  | Orb.
     0 | D:1      | Reached XP level 1. HP: 22/22 MP: 0/0
   138 | D:1      | Found a glowing golden altar of the Shining One.
   153 | D:1      | Reached XP level 2. HP: 29/29 MP: 1/1
   381 | D:1      | Reached skill level 3 in Unarmed Combat
   581 | D:2      | Reached XP level 3. HP: 36/36 MP: 2/2
   726 | D:2      | Reached skill level 3 in Shields
   808 | D:2      | Reached XP level 4. HP: 42/44 MP: 3/3
   837 | D:2      | Reached skill level 4 in Unarmed Combat
  1083 | D:2      | Found a hide-covered altar of Uskayaw.
  1278 | D:2      | Became a worshipper of Uskayaw the Reveler
  1309 | D:3      | Reached * piety under Uskayaw
  1312 | D:3      | Reached ** piety under Uskayaw
  1321 | D:3      | Reached *** piety under Uskayaw
  1322 | D:3      | Reached XP level 5. HP: 48/50 MP: 4/4
  1726 | D:3      | Reached skill level 5 in Unarmed Combat
  1766 | D:3      | Found a radiant altar of Vehumet.
  1791 | D:3      | Reached XP level 6. HP: 35/59 MP: 5/5
  2005 | D:3      | Found an iron altar of Okawaru.
  2071 | D:3      | Found a glowing golden altar of the Shining One.
  2424 | D:4      | Reached skill level 4 in Shields
  2461 | D:4      | Reached skill level 6 in Unarmed Combat
  2582 | D:4      | Reached XP level 7. HP: 52/66 MP: 6/6
  2804 | D:4      | Found an ancient bone altar of Kikubaaqudgha.
  3158 | D:4      | Reached skill level 7 in Unarmed Combat
  3229 | D:5      | Entered Level 5 of the Dungeon
  3457 | D:5      | Noticed Edmund
  3475 | D:5      | Killed Edmund
  3475 | D:5      | Reached skill level 5 in Shields
  3475 | D:5      | Reached XP level 8. HP: 61/74 MP: 2/7
  3558 | D:5      | Reached skill level 8 in Unarmed Combat
  3585 | D:5      | Found a snail-covered altar of Cheibriados.
  3585 | D:5      | Noticed Dowan
  3620 | D:5      | Killed Dowan
  3706 | D:5      | Noticed Duvessa
  3733 | D:5      | Killed Duvessa
  3824 | D:5      | Reached skill level 9 in Unarmed Combat
  3826 | D:5      | Reached **** piety under Uskayaw
  3830 | D:5      | Noticed Sigmund
  3898 | D:5      | Killed Sigmund
  3932 | D:5      | Found a glowing drain.
  3941 | Sewer    | Entered a sewer
  4692 | D:5      | Found a staircase to the Ecumenical Temple.
  4911 | D:6      | Reached skill level 6 in Shields
  4978 | D:6      | Found a basalt altar of Yredelemnul.
  5068 | D:6      | Found a blossoming altar of Fedhas.
  5110 | D:6      | Reached XP level 9. HP: 79/80 MP: 8/8
  5340 | D:6      | Reached skill level 10 in Unarmed Combat
  5696 | D:6      | Noticed an angel
  5697 | D:6      | Found a glowing silver altar of Zin.
  5831 | D:7      | Found an ornate altar of the Wu Jian Council.
  5968 | D:7      | Found a sand-covered staircase.
  5973 | Ossuary  | Entered an ossuary
  6281 | D:7      | Found a shattered altar of Ashenzari.
  6329 | D:7      | Found a hazy altar of Hepliaklqana.
  6370 | D:7      | Reached skill level 11 in Unarmed Combat
  6663 | D:7      | Reached skill level 7 in Shields
  6663 | D:7      | Reached skill level 1 in Invocations
  6727 | D:8      | Noticed a two-headed ogre
  6768 | D:7      | HP: 13/80 [two-headed ogre/+0 giant club (25)]
  6770 | D:7      | Demolished by a two-headed ogre

Vault maps used:
D:1:      onia_arrival_pentagram, st_stairs_7, tso_metal_star
D:2:      lemuel_doored_altar
D:3:      marbit_many_paths, fiery_altar_vehumet, first_ration,
          okawaru_metal_pillars_1_2
D:4:      lemuel_zombie_altar_kikubaaqudgha
D:5:      kennysheep_slug_shrine, minmay_temple_entry_statues_fountains,
          cheibrodos_sewer_entry_bend, lightli_minifort, uniq_duvessa,
          uniq_edmund, uniq_sigmund
D:6:      zin_angel, fedhas_altar_2, old_standard_altar
D:7:      lemuel_coloured_pillars_altar, nicolae_overflow_crystal_walls,
          ashenzari_conservatory_becter, enter_ossuary_2
D:8:      lemuel_round_altar, the_bakery, kennysheep_generic_room_8
Sewer:    sewer_co_scattered_pipes
Ossuary:  ossuary_crypta

Skill      XL: |  1  2  3  4  5  6  7  8  9 |
---------------+----------------------------+-----
Unarmed Combat | 3 4 5 6 7 9 11 | 11.0
Shields        | 3 4 5 6 7 |  7.0
Invocations    | 1 |  1.5
Fighting       | |  2.4
Dodging        | |  2.4

Action                   |  1- 3 |  4- 6 |  7- 9 || total
-------------------------+-------+-------+-------++-------
Melee: Unarmed           |    87 |   208 |   397 ||   692
Invok: Line Pass         |       |       |     2 ||     2
Evoke: Wand              |       |       |     2 ||     2
  Use: Scroll            |       |       |     9 ||     9
 Stab: Paralysed         |       |     3 |     7 ||    10
       Confused          |       |       |     1 ||     1
  Eat: Chunk             |     9 |    21 |    39 ||    69
Armor: Robe              |    27 |    44 |    60 ||   131
Dodge: Dodged            |    23 |    66 |    84 ||   173
Block: Shield            |    35 |    83 |   141 ||   259

Table legend:
 A = Non-vault XP
 B = Vault XP
 C = Vault XP percentage of total XP
 D = Non-vault monster count
 E = Vault monster count
 F = Vault count percentage of total count
                 A         B        C        D         E       F
            +---------+---------+-------+---------+---------+-------
      Total |    3665 |     962 |  20.8 |     162 |      44 |  21.4
            +---------+---------+-------+---------+---------+-------
        D:1 |      33 |       3 |   8.3 |      21 |       2 |   8.7
        D:2 |     118 |       0 |   0.0 |      20 |       0 |   0.0
        D:3 |     273 |       1 |   0.4 |      33 |       1 |   2.9
        D:4 |     600 |       2 |   0.3 |      22 |       1 |   4.3
        D:5 |     762 |     688 |  47.4 |      24 |      11 |  31.4
        D:6 |     700 |       0 |   0.0 |      19 |       0 |   0.0
        D:7 |    1052 |       0 |   0.0 |      22 |       0 |   0.0
        D:8 |     127 |       0 |   0.0 |       1 |       0 |   0.0
      Sewer |       0 |      35 | 100.0 |       0 |      17 | 100.0
    Ossuary |       0 |     233 | 100.0 |       0 |      12 | 100.0
            +---------+---------+-------+---------+---------+-------

Vault maps used:
D:1:      onia_arrival_pentagram, st_stairs_7, tso_metal_star
D:2:      lemuel_doored_altar
D:3:      marbit_many_paths, fiery_altar_vehumet, first_ration,
          okawaru_metal_pillars_1_2
D:4:      lemuel_zombie_altar_kikubaaqudgha
D:5:      kennysheep_slug_shrine, minmay_temple_entry_statues_fountains,
          cheibrodos_sewer_entry_bend, lightli_minifort, uniq_duvessa,
          uniq_edmund, uniq_sigmund
D:6:      zin_angel, fedhas_altar_2, old_standard_altar
D:7:      lemuel_coloured_pillars_altar, nicolae_overflow_crystal_walls,
          ashenzari_conservatory_becter, enter_ossuary_2
D:8:      lemuel_round_altar, the_bakery, kennysheep_generic_room_8
Sewer:    sewer_co_scattered_pipes
Ossuary:  ossuary_crypta

Table legend:
 A = Turns spent in this place as a percentage of turns spent in the entire game.
 B = Non-inter-level travel turns spent in this place as a percentage of non-inter-level travel turns spent in the entire game.
 C = Inter-level travel turns spent in this place as a percentage of turns spent in this place.
 D = Turns resting spent in this place as a percentage of non-inter-level travel turns spent in this place.
 E = Turns spent auto-exploring this place as a percentage of non-inter-level travel turns spent in this place.
 F = Non-inter-level travel turns spent in this place divided by the number of levels of this place that you've seen.
                   A       B       C       D       E      F
               +-------+-------+-------+-------+-------+----------------------
         Total | 100.0 | 100.0 |   3.5 |  16.7 |  59.3 | 653.3
       Dungeon |  86.6 |  86.1 |   4.0 |  17.7 |  58.9 | 703.4
         Sewer |   9.9 |  10.3 |   0.0 |   8.9 |  65.1 | 671.0
       Ossuary |   3.5 |   3.6 |   0.0 |  13.6 |  51.5 | 235.0
               +-------+-------+-------+-------+-------+----------------------

Table legend:
 A = Kills in this place as a percentage of kills in entire the game.
 B = Kills by you in this place as a percentage of kills by you in the entire game.
 C = Kills by friends in this place as a percentage of kills by friends in the entire game.
 D = Other kills in this place as a percentage of other kills in the entire game.
 E = Experience gained in this place as a percentage of experience gained in the entire game.
 F = Experience gained in this place divided by the number of levels of this place that you have seen.
                   A       B       C       D       E      F
               +-------+-------+-------+-------+-------+----------------------
         Total | 100.0 | 100.0 |   N/A | 100.0 | 100.0 | 462.7
       Dungeon |  85.9 |  85.8 |   N/A | 100.0 |  94.2 | 544.9
         Sewer |   8.3 |   8.3 |   N/A |   0.0 |   0.8 |  35.0
       Ossuary |   5.8 |   5.9 |   N/A |   0.0 |   5.0 | 233.0
               +-------+-------+-------+-------+-------+----------------------
